AoeStats
← Rene

Arena

510574154Analyzed
3v3 RM · 8h ago on Oct 1, 2026· 32m 12s· 6 players
Game mode
Random Map
Map size
Normal (6 player)
Population
200
Speed
Normal
Resources
Standard
Victory
Conquest
Starting age
Dark Age
Ending age
Imperial Age
RankedLock teamsTeams togetherTeam positionsShared explorationLock speedFull tech treeHidden civsTurbo modeCheats
Victory
Defeat
🇳🇱 Slavs · Netherlands
1397
+11
🇳🇱 Bohemians · Netherlands
1379
+12
🇳🇱 Persians · Netherlands
1326
+14
🇳🇱 Bohemians · Netherlands
1329
-13
🇺🇸 Malay · United States
1270
-12
🇺🇸 Khmer · United States
1266
-12
psilocybin
10:29 Feudal Age
10:47 Feudal Age
14:29 Castle Age
12:43 Double-Bit Axe
15:38 Bow Saw
15:50 Gold Mining
15:54 Stone Mining
17:09 Horse Collar
18:37 Loom
19:47 Wheelbarrow
20:06 Fervor
19:33 Light Cavalry
21:40 Sanctity
23:59 Devotion
TheTimeKeeper
10:14 Feudal Age
15:15 Castle Age
16:23 Loom
22:09 Double-Bit Axe
Rene
9:59 Feudal Age
11:12 Double-Bit Axe
14:07 Castle Age
11:54 Horse Collar
15:55 Bow Saw
16:40 Heavy Plow
21:55 Wheelbarrow
23:33 Hand Cart
Cheese
5:02 Loom
10:55 Feudal Age
11:48 Loom
12:01 Double-Bit Axe
15:08 Castle Age
13:19 Horse Collar
14:00 Gold Mining
16:14 Wheelbarrow
16:00 Bow Saw
16:09 Heavy Plow
18:03 Gold Shaft Mining
21:18 Hand Cart
22:08 Sanctity
32:17 Imperial Age
32:18 Redemption
Purple Parasite
9:00 Feudal Age
8:07 Loom
12:52 Castle Age
12:01 Loom
21:20 Horse Collar
Simple
10:57 Feudal Age
14:49 Castle Age
12:48 Double-Bit Axe
13:01 Horse Collar
14:56 Bloodlines
15:19 Scale Barding Armor
19:42 Fletching
21:26 Wheelbarrow
23:12 Bow Saw
23:05 Heavy Plow
24:18 Gold Mining
26:57 Husbandry
27:27 Stone Mining
28:12 Gold Shaft Mining
29:11 Chain Barding Armor
30:04 Hand Cart
34:04 Imperial Age
31:48 Forging
Connection lost

Rejoining the realm…

Still unreachable

The connection could not be restored.

Session expired

The server has moved on; the page needs a fresh start.